[ PARTIDA AOE2 · #471611096 ]
Team RMCeltas vs Franks
[ ANÁLISIS DE REPETICIÓN · EXTRAÍDO DE LA PARTIDA GRABADA ]
Feudal
11:19
Castillos
15:39
Imperial
35:54
| APM promedio | 25.8 |
| APM pico | 72 |
| eAPM promedio | 16.8 |
| Aldeanos / militares | 208 / 1206 |
Foco
⚔️ 43.2% · 🌾 56.8%
Scout Cavalry ×497 · Spearman ×460 · Scorpion ×162 · Trade Cart ×65 · Woad Raider ×48 · Trebuchet (Packed) ×35
Feudal
12:09
Castillos
16:10
Imperial
36:19
| APM promedio | 53.2 |
| APM pico | 110 |
| eAPM promedio | 30.5 |
| Aldeanos / militares | 158 / 899 |
Foco
⚔️ 57.3% · 🌾 42.7%
Spearman ×421 · Skirmisher ×239 · Hussite Wagon ×125 · Hand Cannoneer ×86 · Bombard Cannon ×17 · Monk ×4
Feudal
9:51
Castillos
17:20
Imperial
32:53
| APM promedio | 42.2 |
| APM pico | 75 |
| eAPM promedio | 27.4 |
| Aldeanos / militares | 209 / 1128 |
Foco
⚔️ 49.1% · 🌾 50.9%
Spearman ×435 · Scout Cavalry ×301 · Skirmisher ×214 · Knight ×112 · Hand Cannoneer ×48 · Trebuchet (Packed) ×10
Feudal
10:16
Castillos
14:01
Imperial
31:30
| APM promedio | 44.0 |
| APM pico | 113 |
| eAPM promedio | 25.0 |
| Aldeanos / militares | 216 / 837 |
Foco
⚔️ 50.5% · 🌾 49.5%
Scout Cavalry ×495 · Camel Scout ×173 · Hand Cannoneer ×75 · Skirmisher ×65 · Trade Cart ×39 · Bombard Cannon ×21
Mapa de la partida
Recursos al inicio + cada clic de construcción. Línea gruesa = muro · recuadro discontinuo = muro de casas detectado. 🟡 oro · ⚪ piedra · 🟢 bayas · 🔶 jabalí · ⭕ reliquia
Inputs por minuto
— NaXoRa - - KevuJr
Build order — NaXoRa
Primeras 150 de 700 acciones detectadas
| 0:02 | Crear | Villager (Male) |
| 0:02 | Crear | Villager (Male) |
| 0:03 | Crear | Villager (Male) |
| 0:03 | Crear | Villager (Male) |
| 0:05 | Construir | House |
| 0:06 | Construir | House |
| 1:40 | Crear | Villager (Male) |
| 1:40 | Crear | Villager (Male) |
| 2:09 | Construir | Lumber Camp |
| 2:29 | Crear | Villager (Male) |
| 2:30 | Crear | Villager (Male) |
| 2:30 | Crear | Villager (Male) |
| 3:00 | Construir | House |
| 3:01 | Construir | House |
| 3:09 | Crear | Villager (Male) |
| 3:09 | Crear | Villager (Male) |
| 3:16 | Crear | Villager (Male) |
| 3:46 | Crear | Villager (Male) |
| 3:46 | Crear | Villager (Male) |
| 3:46 | Crear | Villager (Male) |
| 4:11 | Crear | Villager (Male) |
| 4:29 | Construir | Mill |
| 4:57 | Crear | Villager (Male) |
| 5:06 | Crear | Villager (Male) |
| 5:07 | Crear | Villager (Male) |
| 5:46 | Crear | Villager (Male) |
| 6:09 | Crear | Villager (Male) |
| 6:09 | Crear | Villager (Male) |
| 6:15 | Crear | Villager (Male) |
| 6:59 | Crear | Villager (Male) |
| 7:29 | Crear | Villager (Male) |
| 7:29 | Crear | Villager (Male) |
| 7:51 | Construir | Farm |
| 8:03 | Construir | Farm |
| 8:07 | Construir | Farm |
| 8:12 | Construir | Farm |
| 8:19 | Construir | Farm |
| 8:30 | Crear | Villager (Male) |
| 8:53 | Construir | Mining Camp |
| 9:06 | Investigar | Feudal Age |
| 9:14 | Construir | House |
| 9:16 | Construir | House |
| 10:14 | Construir | Lumber Camp |
| 10:21 | Crear | Villager (Male) |
| 11:19 | Edad | Edad Feudal |
| 11:23 | Crear | Villager (Male) |
| 11:30 | Construir | Market |
| 11:36 | Crear | Villager (Male) |
| 12:13 | Construir | Blacksmith |
| 12:19 | Crear | Villager (Male) |
| 12:52 | Investigar | Castle Age |
| 13:04 | Investigar | Double-Bit Axe |
| 13:20 | Investigar | Horse Collar |
| 14:38 | Crear | Villager (Male) |
| 15:07 | Construir | House |
| 15:09 | Construir | House |
| 15:10 | Construir | House |
| 15:14 | Construir | House |
| 15:39 | Edad | Edad de los Castillos |
| 15:50 | Construir | Monastery |
| 16:01 | Construir | Town Center |
| 16:12 | Construir | Town Center |
| 16:21 | Construir | Town Center |
| 16:23 | Crear | Villager (Male) |
| 16:23 | Crear | Villager (Male) |
| 16:30 | Crear | Monk |
| 17:00 | Crear | Villager (Male) |
| 17:04 | Investigar | Bow Saw |
| 17:07 | Investigar | Heavy Plow |
| 17:16 | Crear | Villager (Male) |
| 17:24 | Construir | House |
| 18:03 | Crear | Villager (Male) |
| 18:05 | Crear | Villager (Male) |
| 18:05 | Crear | Villager (Male) |
| 18:09 | Construir | Farm |
| 18:11 | Construir | Farm |
| 18:13 | Construir | Farm |
| 18:20 | Construir | Farm |
| 18:20 | Crear | Villager (Male) |
| 18:21 | Crear | Villager (Male) |
| 18:24 | Crear | Villager (Male) |
| 18:45 | Construir | Farm |
| 18:48 | Construir | House |
| 18:49 | Construir | House |
| 19:06 | Construir | Farm |
| 19:07 | Crear | Villager (Male) |
| 19:08 | Crear | Villager (Male) |
| 19:12 | Construir | Mining Camp |
| 19:42 | Crear | Villager (Male) |
| 19:43 | Crear | Villager (Male) |
| 19:43 | Crear | Villager (Male) |
| 19:47 | Construir | Farm |
| 19:48 | Construir | Farm |
| 19:49 | Construir | Farm |
| 19:52 | Construir | Farm |
| 19:53 | Construir | Farm |
| 19:56 | Construir | Farm |
| 20:00 | Construir | Farm |
| 20:01 | Construir | Farm |
| 20:04 | Construir | Farm |
| 20:05 | Crear | Villager (Male) |
| 20:05 | Crear | Villager (Male) |
| 20:15 | Construir | House |
| 20:16 | Construir | House |
| 20:22 | Construir | Farm |
| 20:25 | Construir | Farm |
| 20:29 | Construir | Farm |
| 20:32 | Construir | Farm |
| 20:33 | Construir | Farm |
| 20:34 | Construir | Farm |
| 20:37 | Construir | Farm |
| 20:38 | Crear | Villager (Male) |
| 20:38 | Crear | Villager (Male) |
| 20:38 | Crear | Villager (Male) |
| 20:39 | Crear | Villager (Male) |
| 20:49 | Crear | Monk |
| 20:55 | Crear | Villager (Male) |
| 20:58 | Crear | Villager (Male) |
| 21:01 | Construir | Farm |
| 21:04 | Construir | Farm |
| 21:05 | Construir | Farm |
| 21:07 | Construir | Farm |
| 21:12 | Crear | Villager (Male) |
| 21:12 | Crear | Villager (Male) |
| 21:12 | Crear | Villager (Male) |
| 21:26 | Crear | Villager (Male) |
| 21:27 | Crear | Villager (Male) |
| 21:27 | Crear | Villager (Male) |
| 21:27 | Crear | Villager (Male) |
| 21:31 | Construir | Farm |
| 21:34 | Construir | Farm |
| 21:35 | Crear | Villager (Male) |
| 21:48 | Crear | Villager (Male) |
| 21:48 | Crear | Villager (Male) |
| 21:48 | Crear | Villager (Male) |
| 21:48 | Crear | Villager (Male) |
| 21:57 | Construir | House |
| 22:34 | Crear | Monk |
| 22:43 | Construir | House |
| 22:47 | Crear | Villager (Male) |
| 22:47 | Crear | Villager (Male) |
| 22:48 | Crear | Villager (Male) |
| 22:48 | Crear | Villager (Male) |
| 22:48 | Crear | Villager (Male) |
| 22:49 | Crear | Villager (Male) |
| 22:51 | Construir | House |
| 22:52 | Construir | House |
| 22:53 | Construir | House |
| 22:55 | Construir | House |
| 23:00 | Crear | Villager (Male) |
Build order — KevuJr
Primeras 150 de 1257 acciones detectadas
| 0:01 | Crear | Villager (Male) |
| 0:01 | Crear | Villager (Male) |
| 0:01 | Crear | Villager (Male) |
| 0:02 | Crear | Villager (Male) |
| 0:02 | Crear | Villager (Male) |
| 0:03 | Construir | House |
| 0:05 | Construir | House |
| 1:31 | Crear | Villager (Male) |
| 1:55 | Crear | Villager (Male) |
| 1:55 | Crear | Villager (Male) |
| 2:54 | Crear | Villager (Male) |
| 2:55 | Crear | Villager (Male) |
| 3:10 | Crear | Villager (Male) |
| 3:11 | Crear | Villager (Male) |
| 3:11 | Crear | Villager (Male) |
| 3:11 | Crear | Villager (Male) |
| 3:59 | Crear | Villager (Male) |
| 3:59 | Crear | Villager (Male) |
| 4:17 | Crear | Villager (Male) |
| 4:17 | Crear | Villager (Male) |
| 4:17 | Crear | Villager (Male) |
| 4:22 | Construir | House |
| 4:23 | Construir | House |
| 4:25 | Construir | House |
| 4:30 | Investigar | Loom |
| 4:31 | Crear | Villager (Male) |
| 4:59 | Crear | Villager (Male) |
| 4:59 | Crear | Villager (Male) |
| 4:59 | Crear | Villager (Male) |
| 4:59 | Crear | Villager (Male) |
| 5:00 | Crear | Villager (Male) |
| 6:02 | Crear | Villager (Male) |
| 6:03 | Crear | Villager (Male) |
| 6:03 | Crear | Villager (Male) |
| 6:04 | Crear | Villager (Male) |
| 6:45 | Construir | Lumber Camp |
| 7:33 | Crear | Villager (Male) |
| 7:33 | Crear | Villager (Male) |
| 7:49 | Construir | Mill |
| 8:46 | Investigar | Loom |
| 8:46 | Investigar | Feudal Age |
| 8:59 | Construir | Mining Camp |
| 9:18 | Construir | Farm |
| 10:05 | Construir | Farm |
| 10:22 | Construir | Barracks |
| 10:27 | Crear | Villager (Male) |
| 11:22 | Construir | Farm |
| 11:30 | Construir | House |
| 12:05 | Crear | Villager (Male) |
| 12:09 | Edad | Edad Feudal |
| 12:12 | Construir | Market |
| 12:18 | Construir | Blacksmith |
| 12:28 | Construir | Farm |
| 12:30 | Construir | Farm |
| 12:43 | Construir | Farm |
| 12:51 | Crear | Villager (Male) |
| 13:30 | Investigar | Castle Age |
| 13:50 | Investigar | Double-Bit Axe |
| 13:51 | Investigar | Double-Bit Axe |
| 14:00 | Construir | Farm |
| 14:02 | Construir | Farm |
| 14:06 | Construir | Farm |
| 14:10 | Construir | House |
| 14:52 | Investigar | Horse Collar |
| 15:22 | Construir | Archery Range |
| 15:32 | Investigar | Wheelbarrow |
| 15:33 | Investigar | Town Watch |
| 16:03 | Construir | Archery Range |
| 16:10 | Edad | Edad de los Castillos |
| 16:14 | Crear | Villager (Male) |
| 16:26 | Construir | University |
| 16:29 | Crear | Villager (Male) |
| 16:43 | Investigar | Fletching |
| 17:05 | Construir | Monastery |
| 17:40 | Investigar | Chemistry |
| 17:52 | Crear | Monk |
| 17:59 | Crear | Spearman |
| 18:23 | Crear | Villager (Male) |
| 18:23 | Crear | Villager (Male) |
| 18:29 | Construir | Town Center |
| 18:34 | Crear | Villager (Male) |
| 19:21 | Crear | Hand Cannoneer |
| 19:22 | Crear | Hand Cannoneer |
| 19:23 | Crear | Hand Cannoneer |
| 19:24 | Crear | Hand Cannoneer |
| 19:25 | Crear | Villager (Male) |
| 19:42 | Construir | Farm |
| 19:44 | Construir | Farm |
| 19:45 | Construir | Farm |
| 19:46 | Construir | Farm |
| 19:49 | Construir | Farm |
| 19:52 | Crear | Villager (Male) |
| 19:56 | Crear | Hand Cannoneer |
| 19:57 | Crear | Hand Cannoneer |
| 20:02 | Construir | House |
| 20:09 | Construir | House |
| 20:35 | Crear | Hand Cannoneer |
| 20:35 | Crear | Hand Cannoneer |
| 20:45 | Crear | Villager (Male) |
| 20:45 | Crear | Villager (Male) |
| 20:53 | Crear | Villager (Male) |
| 20:53 | Crear | Villager (Male) |
| 21:11 | Investigar | Ballistics |
| 21:59 | Investigar | Hand Cart |
| 22:00 | Crear | Villager (Male) |
| 22:14 | Crear | Villager (Male) |
| 22:14 | Crear | Villager (Male) |
| 22:16 | Crear | Hand Cannoneer |
| 22:16 | Crear | Hand Cannoneer |
| 22:20 | Crear | Hand Cannoneer |
| 22:30 | Crear | Villager (Male) |
| 22:31 | Crear | Villager (Male) |
| 22:44 | Construir | Farm |
| 22:46 | Construir | Farm |
| 22:47 | Construir | Farm |
| 22:48 | Construir | Farm |
| 22:51 | Construir | Farm |
| 22:53 | Construir | Farm |
| 22:55 | Crear | Villager (Male) |
| 22:58 | Crear | Villager (Male) |
| 22:58 | Crear | Villager (Male) |
| 22:58 | Crear | Villager (Male) |
| 23:27 | Crear | Villager (Male) |
| 23:27 | Crear | Villager (Male) |
| 23:28 | Crear | Villager (Male) |
| 23:55 | Crear | Monk |
| 24:04 | Construir | House |
| 24:05 | Construir | House |
| 24:08 | Construir | House |
| 24:10 | Construir | House |
| 24:11 | Construir | House |
| 24:12 | Construir | House |
| 24:14 | Construir | House |
| 24:15 | Construir | House |
| 24:17 | Crear | Villager (Male) |
| 24:23 | Crear | Hand Cannoneer |
| 24:23 | Crear | Hand Cannoneer |
| 24:23 | Crear | Hand Cannoneer |
| 24:24 | Crear | Hand Cannoneer |
| 24:32 | Crear | Villager (Male) |
| 24:32 | Crear | Villager (Male) |
| 24:58 | Crear | Hand Cannoneer |
| 24:59 | Crear | Hand Cannoneer |
| 25:02 | Construir | House |
| 25:03 | Construir | House |
| 25:04 | Construir | House |
| 25:10 | Construir | Farm |
| 25:14 | Construir | Lumber Camp |
| 25:18 | Investigar | Bow Saw |
| 25:33 | Construir | Farm |
Build order — Wachis
Primeras 150 de 1070 acciones detectadas
| 0:00 | Crear | Villager (Male) |
| 0:01 | Crear | Villager (Male) |
| 0:02 | Construir | House |
| 0:03 | Construir | House |
| 0:04 | Crear | Villager (Male) |
| 0:04 | Crear | Villager (Male) |
| 0:05 | Crear | Villager (Male) |
| 1:22 | Crear | Villager (Male) |
| 1:23 | Crear | Villager (Male) |
| 2:01 | Crear | Villager (Male) |
| 2:01 | Crear | Villager (Male) |
| 2:09 | Construir | Lumber Camp |
| 2:10 | Crear | Villager (Male) |
| 2:41 | Crear | Villager (Male) |
| 2:53 | Crear | Villager (Male) |
| 2:53 | Crear | Villager (Male) |
| 3:07 | Construir | House |
| 3:27 | Crear | Villager (Male) |
| 3:42 | Crear | Villager (Male) |
| 3:42 | Crear | Villager (Male) |
| 4:25 | Crear | Villager (Male) |
| 5:11 | Crear | Villager (Male) |
| 5:12 | Crear | Villager (Male) |
| 5:12 | Crear | Villager (Male) |
| 5:23 | Crear | Villager (Male) |
| 5:45 | Construir | House |
| 5:48 | Crear | Villager (Male) |
| 5:48 | Crear | Villager (Male) |
| 6:05 | Construir | Mill |
| 6:09 | Crear | Villager (Male) |
| 6:10 | Crear | Villager (Male) |
| 7:41 | Investigar | Feudal Age |
| 7:51 | Construir | Mining Camp |
| 8:49 | Construir | Farm |
| 8:52 | Construir | Farm |
| 9:01 | Crear | Villager (Male) |
| 9:02 | Crear | Villager (Male) |
| 9:10 | Construir | Farm |
| 9:14 | Construir | Farm |
| 9:44 | Construir | House |
| 9:51 | Edad | Edad Feudal |
| 9:54 | Construir | Farm |
| 10:04 | Construir | Farm |
| 10:06 | Crear | Villager (Male) |
| 10:15 | Investigar | Double-Bit Axe |
| 10:15 | Investigar | Double-Bit Axe |
| 10:43 | Construir | Farm |
| 10:47 | Crear | Villager (Male) |
| 11:17 | Crear | Villager (Male) |
| 11:21 | Construir | Barracks |
| 11:49 | Construir | Farm |
| 11:50 | Construir | Farm |
| 12:08 | Crear | Villager (Male) |
| 12:08 | Crear | Villager (Male) |
| 12:08 | Crear | Villager (Male) |
| 12:15 | Construir | House |
| 12:19 | Crear | Villager (Male) |
| 12:46 | Construir | Stable |
| 13:23 | Investigar | Gold Mining |
| 13:49 | Construir | Blacksmith |
| 13:50 | Crear | Villager (Male) |
| 13:51 | Crear | Villager (Male) |
| 14:19 | Crear | Villager (Male) |
| 14:34 | Investigar | Castle Age |
| 14:39 | Construir | Stable |
| 15:26 | Construir | Farm |
| 15:26 | Construir | Farm |
| 15:27 | Construir | Farm |
| 15:27 | Construir | Farm |
| 15:27 | Construir | Farm |
| 15:27 | Construir | Farm |
| 15:37 | Crear | Spearman |
| 15:48 | Construir | House |
| 15:49 | Construir | House |
| 15:54 | Crear | Villager (Male) |
| 16:47 | Crear | Villager (Male) |
| 16:57 | Construir | House |
| 17:12 | Investigar | Forging |
| 17:20 | Edad | Edad de los Castillos |
| 17:22 | Construir | House |
| 17:24 | Crear | Knight |
| 17:24 | Crear | Knight |
| 17:30 | Investigar | Husbandry |
| 17:33 | Investigar | Bow Saw |
| 17:37 | Construir | Town Center |
| 17:41 | Crear | Villager (Male) |
| 17:51 | Investigar | Loom |
| 17:53 | Crear | Knight |
| 17:53 | Crear | Knight |
| 18:02 | Investigar | Scale Barding Armor |
| 18:09 | Crear | Villager (Male) |
| 18:15 | Crear | Villager (Male) |
| 18:26 | Crear | Knight |
| 18:30 | Crear | Knight |
| 19:06 | Crear | Villager (Male) |
| 19:06 | Crear | Villager (Male) |
| 19:07 | Crear | Villager (Male) |
| 19:18 | Construir | Town Center |
| 19:25 | Crear | Knight |
| 19:44 | Crear | Villager (Male) |
| 20:20 | Crear | Villager (Male) |
| 20:20 | Crear | Villager (Male) |
| 20:20 | Crear | Villager (Male) |
| 20:21 | Crear | Villager (Male) |
| 20:27 | Crear | Knight |
| 20:28 | Crear | Knight |
| 20:33 | Construir | Farm |
| 20:33 | Construir | Farm |
| 20:34 | Construir | Farm |
| 20:34 | Construir | Farm |
| 20:34 | Construir | Farm |
| 20:35 | Construir | Farm |
| 20:35 | Construir | Farm |
| 20:35 | Construir | Farm |
| 20:42 | Construir | Farm |
| 20:42 | Construir | Farm |
| 20:43 | Construir | Farm |
| 20:43 | Construir | Farm |
| 21:05 | Crear | Villager (Male) |
| 21:05 | Crear | Villager (Male) |
| 21:08 | Crear | Villager (Male) |
| 21:08 | Crear | Villager (Male) |
| 21:12 | Construir | Lumber Camp |
| 21:38 | Crear | Villager (Male) |
| 21:38 | Crear | Villager (Male) |
| 21:39 | Crear | Villager (Male) |
| 21:40 | Crear | Villager (Male) |
| 22:01 | Crear | Villager (Male) |
| 22:01 | Crear | Villager (Male) |
| 22:02 | Crear | Villager (Male) |
| 22:02 | Crear | Villager (Male) |
| 22:37 | Crear | Villager (Male) |
| 22:37 | Crear | Villager (Male) |
| 22:39 | Crear | Villager (Male) |
| 22:40 | Crear | Villager (Male) |
| 22:49 | Construir | Farm |
| 22:49 | Construir | Farm |
| 22:49 | Construir | Farm |
| 22:50 | Construir | Farm |
| 22:50 | Construir | Farm |
| 22:50 | Construir | Farm |
| 22:50 | Construir | Farm |
| 22:50 | Construir | Farm |
| 22:51 | Construir | Farm |
| 22:51 | Construir | Farm |
| 22:51 | Construir | Farm |
| 22:55 | Crear | Villager (Male) |
| 22:56 | Crear | Villager (Male) |
| 22:58 | Crear | Villager (Male) |
| 22:58 | Crear | Villager (Male) |
Build order — All Conqs are Bastards
Primeras 150 de 1251 acciones detectadas
| 0:01 | Crear | Villager (Male) |
| 0:01 | Crear | Villager (Male) |
| 0:02 | Crear | Villager (Male) |
| 0:02 | Crear | Villager (Male) |
| 0:03 | Construir | House |
| 0:04 | Construir | House |
| 1:07 | Crear | Villager (Male) |
| 1:51 | Construir | Lumber Camp |
| 2:16 | Crear | Villager (Male) |
| 2:22 | Crear | Villager (Male) |
| 2:53 | Crear | Villager (Male) |
| 3:23 | Crear | Villager (Male) |
| 3:38 | Crear | Villager (Male) |
| 3:46 | Construir | House |
| 3:54 | Crear | Villager (Male) |
| 4:18 | Crear | Villager (Male) |
| 4:26 | Construir | Mill |
| 4:41 | Crear | Villager (Male) |
| 4:59 | Crear | Villager (Male) |
| 5:28 | Crear | Villager (Male) |
| 5:42 | Crear | Villager (Male) |
| 5:46 | Construir | House |
| 6:17 | Construir | Mining Camp |
| 6:49 | Crear | Villager (Male) |
| 6:50 | Crear | Villager (Male) |
| 7:23 | Crear | Villager (Male) |
| 8:01 | Investigar | Feudal Age |
| 10:16 | Edad | Edad Feudal |
| 10:20 | Construir | Market |
| 10:26 | Construir | Blacksmith |
| 10:27 | Construir | House |
| 10:31 | Crear | Villager (Male) |
| 10:31 | Crear | Villager (Male) |
| 11:14 | Investigar | Castle Age |
| 11:42 | Investigar | Double-Bit Axe |
| 12:03 | Investigar | Horse Collar |
| 12:52 | Construir | Farm |
| 12:54 | Construir | Farm |
| 12:56 | Construir | Farm |
| 12:58 | Construir | Farm |
| 13:09 | Construir | Farm |
| 14:01 | Edad | Edad de los Castillos |
| 14:05 | Construir | Monastery |
| 14:08 | Construir | Town Center |
| 14:11 | Crear | Villager (Male) |
| 14:12 | Investigar | Bow Saw |
| 14:21 | Construir | House |
| 14:37 | Crear | Monk |
| 14:41 | Investigar | Padded Archer Armor |
| 14:50 | Construir | Farm |
| 14:56 | Construir | Farm |
| 15:10 | Crear | Villager (Male) |
| 15:14 | Construir | Farm |
| 15:16 | Construir | Farm |
| 15:18 | Construir | Farm |
| 15:24 | Crear | Monk |
| 15:36 | Crear | Villager (Male) |
| 15:40 | Construir | Farm |
| 15:46 | Construir | Farm |
| 15:51 | Construir | Farm |
| 15:53 | Crear | Villager (Male) |
| 16:05 | Crear | Monk |
| 16:09 | Crear | Villager (Male) |
| 16:09 | Crear | Villager (Male) |
| 16:11 | Construir | Farm |
| 16:26 | Crear | Villager (Male) |
| 16:33 | Crear | Villager (Male) |
| 16:39 | Construir | Barracks |
| 16:41 | Construir | House |
| 16:45 | Construir | House |
| 16:45 | Construir | House |
| 16:46 | Crear | Villager (Male) |
| 17:05 | Crear | Villager (Male) |
| 17:13 | Crear | Villager (Male) |
| 17:20 | Crear | Villager (Male) |
| 17:32 | Crear | Villager (Male) |
| 17:37 | Crear | Villager (Male) |
| 17:49 | Crear | Villager (Male) |
| 17:53 | Construir | Stable |
| 17:54 | Crear | Villager (Male) |
| 17:57 | Construir | Town Center |
| 17:59 | Crear | Villager (Male) |
| 18:00 | Investigar | Loom |
| 18:13 | Construir | Farm |
| 18:16 | Construir | House |
| 18:17 | Construir | House |
| 18:23 | Construir | Farm |
| 18:26 | Construir | Farm |
| 18:34 | Crear | Villager (Male) |
| 18:38 | Construir | Farm |
| 18:44 | Construir | Farm |
| 18:46 | Crear | Villager (Male) |
| 18:54 | Crear | Villager (Male) |
| 19:02 | Crear | Villager (Male) |
| 19:05 | Construir | Farm |
| 19:08 | Construir | Farm |
| 19:14 | Construir | House |
| 19:15 | Construir | House |
| 19:19 | Crear | Villager (Male) |
| 19:34 | Crear | Villager (Male) |
| 19:42 | Crear | Villager (Male) |
| 19:45 | Crear | Camel Scout |
| 19:50 | Crear | Villager (Male) |
| 19:51 | Construir | Farm |
| 19:57 | Crear | Villager (Male) |
| 20:02 | Construir | House |
| 20:03 | Construir | House |
| 20:06 | Construir | House |
| 20:09 | Construir | University |
| 20:10 | Crear | Villager (Male) |
| 20:12 | Investigar | Wheelbarrow |
| 20:18 | Investigar | Heavy Plow |
| 20:27 | Crear | Villager (Male) |
| 20:29 | Crear | Villager (Male) |
| 20:41 | Crear | Villager (Male) |
| 20:52 | Crear | Villager (Male) |
| 20:53 | Crear | Villager (Male) |
| 20:54 | Crear | Villager (Male) |
| 21:09 | Construir | Town Center |
| 21:11 | Crear | Villager (Male) |
| 21:12 | Construir | Farm |
| 21:14 | Construir | Farm |
| 21:17 | Construir | Farm |
| 21:19 | Crear | Villager (Male) |
| 21:23 | Construir | House |
| 21:49 | Construir | House |
| 21:49 | Crear | Villager (Male) |
| 21:50 | Crear | Villager (Male) |
| 21:50 | Crear | Villager (Male) |
| 21:51 | Crear | Villager (Male) |
| 21:54 | Construir | House |
| 21:55 | Construir | House |
| 21:56 | Crear | Villager (Male) |
| 22:02 | Investigar | Gold Mining |
| 22:03 | Crear | Villager (Male) |
| 22:06 | Investigar | Wheelbarrow |
| 22:10 | Construir | Farm |
| 22:12 | Construir | Farm |
| 22:14 | Construir | Farm |
| 22:16 | Construir | Farm |
| 22:17 | Crear | Villager (Male) |
| 22:21 | Construir | Farm |
| 22:22 | Crear | Villager (Male) |
| 22:25 | Construir | House |
| 22:26 | Construir | House |
| 22:27 | Crear | Camel Scout |
| 22:31 | Crear | Monk |
| 22:34 | Construir | House |
| 22:35 | Construir | House |
| 22:36 | Construir | House |
Cronología de la partida
| 9:51 | Wachis · age_up feudal |
| 10:16 | All Conqs are Bastards · age_up feudal |
| 10:22 | KevuJr · first_building Barracks |
| 11:19 | NaXoRa · age_up feudal |
| 11:21 | Wachis · first_building Barracks |
| 12:09 | KevuJr · age_up feudal |
| 12:45 | NaXoRa · first_market_sell 100 wood |
| 12:46 | Wachis · first_building Stable |
| 13:16 | KevuJr · first_market_buy 100 food |
| 13:27 | KevuJr · first_market_sell 100 wood |
| 14:01 | All Conqs are Bastards · age_up castle |
| 14:05 | All Conqs are Bastards · first_building Monastery |
| 15:22 | KevuJr · first_building Archery Range |
| 15:39 | NaXoRa · age_up castle |
| 15:50 | NaXoRa · first_building Monastery |
| 16:10 | KevuJr · age_up castle |
| 16:39 | All Conqs are Bastards · first_building Barracks |
| 17:05 | KevuJr · first_building Monastery |
| 17:20 | Wachis · age_up castle |
| 17:53 | All Conqs are Bastards · first_building Stable |
| 21:04 | All Conqs are Bastards · first_market_sell 100 wood |
| 21:05 | All Conqs are Bastards · first_market_buy 100 stone |
| 23:24 | All Conqs are Bastards · first_building Archery Range |
| 24:44 | Wachis · first_building Monastery |
| 28:03 | NaXoRa · first_building Castle |
| 29:22 | NaXoRa · first_building Barracks |
| 29:50 | KevuJr · first_building Castle |
| 30:00 | NaXoRa · first_building Siege Workshop |
| 31:30 | All Conqs are Bastards · age_up imperial |
| 32:53 | Wachis · age_up imperial |
| 33:14 | Wachis · first_building Siege Workshop |
| 33:16 | Wachis · first_building Archery Range |
| 33:56 | Wachis · first_building Castle |
| 34:28 | Wachis · first_market_buy 100 food |
| 34:49 | All Conqs are Bastards · first_building Siege Workshop |
| 35:54 | NaXoRa · age_up imperial |
| 36:19 | KevuJr · age_up imperial |
| 36:41 | All Conqs are Bastards · first_building Castle |
| 40:08 | Wachis · wall_segment Palisade Wall x1 |
| 42:22 | NaXoRa · first_building Stable |
| 43:16 | Wachis · first_market_sell 500 wood |
| 46:08 | Wachis · wall_segment Stone Wall x5 |
| 49:19 | KevuJr · first_building Siege Workshop |
| 60:16 | All Conqs are Bastards · tribute_sent a jugador 1 |
| 60:16 | All Conqs are Bastards · tribute_sent a jugador 2 |
| 60:16 | All Conqs are Bastards · tribute_sent a jugador 3 |
| 60:57 | All Conqs are Bastards · tribute_sent a jugador 1 |
| 60:57 | All Conqs are Bastards · tribute_sent a jugador 2 |
| 60:57 | All Conqs are Bastards · tribute_sent a jugador 3 |
| 63:08 | All Conqs are Bastards · tribute_sent a jugador 1 |
| 63:08 | All Conqs are Bastards · tribute_sent a jugador 2 |
| 63:08 | All Conqs are Bastards · tribute_sent a jugador 3 |
| 63:34 | All Conqs are Bastards · tribute_sent a jugador 1 |
| 63:34 | All Conqs are Bastards · tribute_sent a jugador 2 |
| 63:34 | All Conqs are Bastards · tribute_sent a jugador 3 |
| 66:37 | Wachis · wall_segment Stone Wall x14 |
| 67:48 | NaXoRa · wall_segment Stone Wall x38 |
| 70:39 | Wachis · wall_segment Stone Wall x7 |
| 73:40 | All Conqs are Bastards · tribute_sent a jugador 1 |
| 73:40 | All Conqs are Bastards · tribute_sent a jugador 2 |
| 73:40 | All Conqs are Bastards · tribute_sent a jugador 3 |
| 80:09 | Wachis · wall_segment Palisade Wall x1 |
| 80:14 | Wachis · wall_segment Palisade Wall x1 |
| 80:15 | Wachis · wall_segment Palisade Wall x1 |
| 80:21 | KevuJr · wall_segment Stone Wall x2 |
| 80:23 | KevuJr · wall_segment Stone Wall x3 |
| 80:26 | KevuJr · wall_segment Stone Wall x4 |
| 80:27 | KevuJr · wall_segment Stone Wall x6 |
| 80:30 | KevuJr · wall_segment Stone Wall x4 |
| 80:38 | Wachis · resign |
[ ANÁLISIS IA · 1 CRÉDITO ]
¿Qué pasó realmente en esta partida?
Wolo.gg analiza cada decisión: build order, eco, micro, errores típicos por bracket. Análisis personalizado por WhatsApp o Discord en 30 segundos.
Guía civ
Celtas
Guía mapa
Arena
Perfil
NaXoRa